 Dungeon Crawl Stone Soup version 0.24.1-5-g77f818bfca (webtiles) character file.

Game seed: 15546740474295264919, levelgen mode: deterministic

102 Peloso the Covered (level 4, -1/35 HPs)
             Began as a Demonspawn Fighter on Apr 25, 2020.
             Slain by an orc wizard
             ... wielding a +0 dagger
              (4 damage)
             ... on level 3 of the Dungeon.
             The game lasted 00:04:24 (1476 turns).

Peloso the Covered (Demonspawn Fighter)             Turns: 1476, Time: 00:04:24

Health: -1/35      AC:  8    Str: 17    XL:     4   Next: 49%
Magic:  4/4        EV:  6    Int: 10    God:
Gold:   98         SH:  8    Dex: 12    Spells: 3/3 levels left

rFire    . . .     SeeInvis .   a - +1 long sword
rCold    . . .     Gourm    .   c - +0 shield
rNeg     . . .     Faith    .   b - +0 scale mail
rPois    .         Spirit   .   (no helmet)
rElec    .         Reflect  .   (no cloak)
rCorr    .         Harm     .   i - +0 pair of gloves
MR       .....                  k - +0 pair of boots
Stlth    ..........             (no amulet)
HPRegen  0.11/turn              (no ring)
MPRegen  0.09/turn              (no ring)

@: drained
A: claws 1, demonic guardian 1
a: no special abilities


You were on level 3 of the Dungeon.
You were not hungry.

You visited 1 branch of the dungeon, and saw 3 of its levels.

You collected 98 gold pieces.

Inventory:

Hand Weapons
 a - a +1 long sword (weapon)
Armour
 b - a +0 scale mail (worn)
 c - a +0 shield (worn)
 i - a +0 pair of gloves (worn)
 k - a +0 pair of boots (worn)
Scrolls
 e - 2 scrolls of identify
 h - 2 scrolls of amnesia
 l - a scroll of teleportation
Potions
 d - a potion of might
Comestibles
 f - 5 rations


   Skills:
 + Level 3.2(2.1) Fighting
 + Level 2.8(1.7) Long Blades
 + Level 3.4(2.3) Armour
 + Level 0.4(0.0) Dodging
 + Level 3.3(2.2) Shields


You had 3 spell levels left.
You didn't know any spells.
Your spell library was empty.

Dungeon Overview and Level Annotations

Branches:
Dungeon (3/15)

Altars:


Innate Abilities, Weirdness & Mutations

You have sharp fingernails.
A weak demonic guardian rushes to your aid.


Message History

Something hits your quasit.
Your quasit bites the jackal.
Your quasit barely misses the jackal.
Your quasit claws the jackal but does no damage.
The jackal closely misses your quasit.
You miss something.
You feel less confused.
Your quasit disappears in a puff of smoke!
The gnoll hits you but does no damage. You block something's attack.
The jackal closely misses your quasit.
Something completely misses your quasit.
The gnoll hits you but does no damage.
Your quasit bites the jackal.
The jackal dies!
You hear a shout!
You hear some strange, mumbled words.
Something tries to affect you, but you resist.
Something barely misses your quasit.
Okay, then.
Something hits your quasit but does no damage.
You miss something. Something hits you.
You die...

.....###.#####
.......#..>..###
##.......###...#
.#.....#..#....#
....).......###
##.....#......####
#######....#).g.#
#)##..g.#{#
#.#####.5@# . o)#
##### #o{g r.g.
...... ..g...
..#.....


You could see 2 gnolls and a friendly quasit.

Vanquished Creatures
  2 gnolls (D:3)
  2 adders (D:2)
  2 worms (D:2)
  2 dart slugs (D:2)
  2 leopard geckos
  3 orcs (D:3)
  A ball python (D:1)
  3 giant cockroaches (D:2)
  4 goblins
  3 hobgoblins
  2 quokkas
  7 bats
  5 frilled lizards
  3 kobolds
  7 rats
48 creatures vanquished.

Vanquished Creatures (collateral kills)
  3 orcs (D:3)
  A jackal (D:3)
  A quokka (D:3)
5 creatures vanquished.

Grand Total: 53 creatures vanquished

Notes
Turn   | Place    | Note
-------+----------+-------------------------------------------
     0 | D:1      | Peloso the Demonspawn Fighter began the quest for the Orb.
     0 | D:1      | Reached XP level 1. HP: 18/18 MP: 1/1
   202 | D:1      | Gained mutation: A weak demonic guardian rushes to your
                  | aid. [demonic ancestry]
   202 | D:1      | Reached XP level 2. HP: 18/24 MP: 2/2
   884 | D:2      | Reached XP level 3. HP: 24/29 MP: 3/3
  1224 | D:2      | Gained mutation: You have sharp fingernails. [demonic
                  | ancestry]
  1224 | D:2      | Reached XP level 4. HP: 19/35 MP: 4/4
  1476 | D:3      | Slain by an orc wizard

Levels and vault maps discovered:
D:1:      dpeg_arrival_tiny_d, layout_loops_ring
D:2:      layout_loops_cross
D:3:      layout_rooms, gup_sewer_entry_pipe, nicolae_dithmenos_shadow_blocks,
          uniq_ijyb

Skill      XL: |  1  2 |
---------------+-------+-----
Armour         | 3 |  3.4
Shields        | 3 |  3.3
Long Blades    | 2 |  2.8
Fighting       | |  3.2
Dodging        | |  0.4

Action                   |  1- 3 |  4- 6 || total
-------------------------+-------+-------++-------
Melee: Long sword        |   163 |    26 ||   189
  Use: Potion            |     2 |     2 ||     4
       Scroll            |       |     3 ||     3
  Eat: Chunk             |     1 |     1 ||     2
Armor: Scale mail        |   104 |    36 ||   140
Dodge: Dodged            |    50 |    15 ||    65
Block: Shield            |   100 |    17 ||   117
       Rpst.: Long sword |    17 |     6 ||    23
